 Dungeon Crawl Stone Soup version 0.19-a0-488-gf8766cc (webtiles) character file.

73 Delvonshi the Magician (level 4, -1/23 HPs)
             Began as a Vine Stalker Wizard on June 4, 2016.
             Killed from afar by a white imp (5 damage)
             ... with a puff of frost
             ... summoned by Natasha
             ... on level 2 of the Dungeon.
             The game lasted 00:03:49 (1155 turns).

Delvonshi the Magician (Vine Stalker Wizard)        Turns: 1155, Time: 00:03:50

Health: -1/23      AC:  2    Str: 10    XL:     4   Next: 27%
Magic:  0/9        EV: 12    Int: 19    God:
Gold:   66         SH:  0    Dex: 12    Spells: 1 memorised, 8 levels left

rFire  . . .     SeeInvis .     h - +0 spear
rCold  . . .     Gourm    .     a - +0 robe
rNeg   . . .     Faith    .     (no shield)
rPois  .         Spirit   +     b - +0 hat
rElec  .         Dismiss  .     (no cloak)
rCorr  .         Reflect  .     (no gloves)
SustAt .         Harm     .     (no boots)
MR     .....                    (no amulet)
Stlth  ++........               (no ring)
                                (no ring)

@: very slightly contaminated, invisible, not resistant to hostile enchantments,
unstealthy
A: fangs 2, regeneration 1, magic shield, antimagic bite, no device heal 3, rot
immunity
a: no special abilities


You were on level 2 of the Dungeon.
You were not hungry.

You visited 1 branch of the dungeon, and saw 2 of its levels.

You collected 66 gold pieces.

Inventory:

Hand Weapons
 h - a +0 spear (weapon)
Armour
 a - a +0 robe (worn)
 b - a +0 hat (worn)
Scrolls
 e - 2 scrolls of identify {unknown}
 i - 2 scrolls of remove curse {unknown}
 k - a scroll of amnesia {unknown}
 m - a scroll of fog {unknown}
Potions
 l - a potion of cure mutation {unknown}
 n - a potion of agility {unknown}
Books
 c - a book of Minor Magic

   Spells                             Type                      Level
   a - Magic Dart                     Conjuration                  1
   b - Blink                          Translocation                2
   c - Call Imp                       Summoning                    2
   d - Repel Missiles                 Charms/Air                   2
   e - Slow                           Hexes                        2
   f - Conjure Flame                  Conjuration/Fire             3
   g - Mephitic Cloud                 Conjuration/Poison/Air       3
Comestibles
 d - 2 bread rations
 f - a chunk of flesh


   Skills:
 + Level 2.2 Fighting
 - Level 1.5 Dodging
 - Level 2.4 Stealth
 - Level 3.2 Spellcasting
 + Level 2.8 Conjurations
   Level 1.0 Summonings
   Level 1.0 Translocations


You had 8 spell levels left.
You knew the following spells:

 Your Spells              Type           Power        Failure   Level  Hunger
a - Magic Dart            Conj           ##..         6%          1    None


Dungeon Overview and Level Annotations

Branches:
Dungeon (2/15)

Altars:

Annotations:
D:2 Natasha


Innate Abilities, Weirdness & Mutations

You have extremely sharp teeth.
Your natural rate of healing is unusually fast.
When hurt, damage is shared between your health and your magic reserves.
Your bite disrupts and absorbs the magic of your enemies.
Potions and wands cannot restore your health.
You are immune to rotting.


Message History

The crimson imp puffs mist at you.
Natasha howls an incantation.
Natasha glows brightly for a moment.
Natasha claws you.
* * * LOW HITPOINT WARNING * * *
It was a potion of cancellation.
Your magical contamination has completely faded away.
You feel magically purged. Natasha closely misses you.
It was a potion of invisibility.
You fade into invisibility!
Natasha closely misses you. Natasha claws you.
* * * LOW HITPOINT WARNING * * *
You are very lightly contaminated with residual magic.
Natasha misses you.
Natasha mumbles some strange words.
Natasha mumbles some strange words.
Natasha shimmers violently.
The white imp gestures at something.
The puff of frost hits you!
You die...

.......# #.# #..#
#.#.....> .#####.#
#.# #..####.#......
.# ##.## #.#
#.......#...... .#
##.#.## #.#
#.###.....##.##
.###.###.##
#.#####.###.###.# ...
.##.##
##.###...........# .#
## ...##
##5.#######.###.###.#
###.## ##.#5#######.#
#.....#
####.###.##5.h5.@...#
#######
......#.#############
######.## ###


You could see Natasha, 2 crimson imps and a white imp.

Vanquished Creatures
  Natasha (D:2)
  An adder (D:2)
  A worm (D:2)
  2 dart slugs (D:1)
  2 giant geckos (D:1)
  4 bats (D:1)
  3 giant cockroaches (D:1)
  2 goblins (D:1)
  5 hobgoblins (D:1)
  2 jackals (D:1)
  2 kobolds (D:1)
  A giant newt (D:1)
  7 rats
33 creatures vanquished.

Notes
Turn   | Place    | Note
--------------------------------------------------------------
     0 | D:1      | Delvonshi the Vine Stalker Wizard began the quest for the Orb.
     0 | D:1      | Reached XP level 1. HP: 9/9 MP: 5/5
    70 | D:1      | Reached skill level 1 in Fighting
    93 | D:1      | Reached XP level 2. HP: 13/14 MP: 7/7
   342 | D:1      | Reached XP level 3. HP: 18/18 MP: 3/8
   836 | D:2      | Noticed Natasha
   841 | D:2      | Killed Natasha
   841 | D:2      | Reached XP level 4. HP: 11/23 MP: 3/9
  1134 | D:2      | Noticed Natasha
  1155 | D:2      | Killed from afar by a white imp

Vault maps used:
D:1:      dpeg_arrival_long_road, serial_bayou_crossing
D:2:      uniq_natasha

Skill      XL: |  1  2  3 |
---------------+----------+-----
Fighting       | 1 2 |  2.2
Conjurations   | 2 |  2.8
Dodging        | |  1.5
Stealth        | |  2.4
Spellcasting   | |  3.2
Summonings     | |  1.0
Translocations | |  1.0

Action                   |  1- 3 |  4- 6 || total
-------------------------+-------+-------++-------
Melee: Unarmed           |    15 |       ||    15
       Spear             |    90 |     7 ||    97
       Bite              |    18 |       ||    18
 Cast: Magic Dart        |    26 |    15 ||    41
  Use: Potion            |       |     2 ||     2
 Stab: Sleeping          |     2 |       ||     2
  Eat: Chunk             |       |     1 ||     1
Armor: Robe              |    15 |     1 ||    16
Dodge: Dodged            |    62 |     8 ||    70
